 Dungeon Crawl Stone Soup version 0.32-a0-18-g89e19f1974 (webtiles) character file.

Game seed: 9205275902932183912

337 croobank the Trooper (level 6, -3/43 HPs)
             Began as an Octopode Monk on Jan 16, 2024.
             Was an Initiate of Gozag.
             Slain by a hound (6 damage)
             ... on level 7 of the Dungeon on Jan 17, 2024.
             The game lasted 00:07:28 (3939 turns).

croobank the Trooper (Octopode Monk)                Turns: 3939, Time: 00:07:28

Health: -3/43      AC:  1    Str: 10    XL:     6   Next: 54%
Magic:  9/9        EV: 14    Int: 15    God:    Gozag
Gold:   333        SH:  5    Dex: 14    Spells: 7/9 levels left

rFire   + . .        a - +1 short sword
rCold   . . .        c - orb {light}
rNeg    + . .        (helmet restricted)
rPois   .            p - amulet of reflection
rElec   .            j - ring of positive energy
rCorr   .            u - ring of protection from fire
SInv    .            (no ring)
Will    .....        (no ring)
Stlth   +            (no ring)
HPRegen 0.27/turn    (no ring)
MPRegen 0.11/turn    (no ring)
                     (no ring)

%: reflection
@: hasted, glowing, very quick
A: almost no armour, amphibious, 8 rings, camouflage 1, gelatinous body 1,
(nimble swimmer 1), tentacles
a: Renounce Religion, Potion Petition, Call Merchant, Bribe Branch


You were on level 7 of the Dungeon.
You worshipped Gozag.
Gozag was aware of your devotion.
You visited 1 branch of the dungeon, and saw 6 of its levels.

You collected 333 gold pieces.

Inventory:

Hand Weapons
 a - a +1 short sword (weapon)
Missiles
 i - a throwing net (quivered)
 s - 4 atropa-tipped darts
Armour
 c - an orb of light (worn)
Jewellery
 j - a ring of positive energy (left tentacle)
 p - an amulet of reflection (around mantle)
 r - an amulet of faith
 u - a ring of protection from fire (right tentacle)
Scrolls
 f - a scroll of blinking {unknown}
 g - 2 scrolls of identify
 h - a scroll of summoning {unknown}
 k - 2 scrolls of enchant weapon
 m - a scroll of torment {unknown}
 n - a scroll of teleportation {unknown}
 v - a scroll of acquirement {unknown}
Potions
 b - a potion of ambrosia
 d - 2 potions of enlightenment
 e - a potion of haste
 l - a potion of curing {unknown}
 o - a potion of lignification {unknown}
 q - a potion of heal wounds {unknown}
 t - a potion of degeneration {unknown}


   Skills:
 + Level 4.2 Fighting
 + Level 4.1 Short Blades
 + Level 4.1 Dodging
 * Level 2.2 Spellcasting
 * Level 2.5 Translocations


You had 7 spell levels left.
You knew the following spells:

 Your Spells              Type           Power      Damage    Failure   Level
a - Blink                 Tloc           18%        N/A       12%         2

Your spell library contained the following spells:

 Spells                   Type           Power      Damage    Failure   Level
 Magic Dart               Conj           4%         1d3       22%         1
 Call Imp                 Summ           2%         N/A       32%         2
 Sublimation of Blood     Necr           1%         N/A       32%         2
 Summon Hydra             Summ           0%         N/A       100%        7


Dungeon Overview and Level Annotations

Branches:
Dungeon (7/15)
 Temple: D:4-7

Altars:
Gozag
Trog

Shops:
D:3 *

Annotations:
D:3 3 runed translucent doors, Azoth's ghost, weakling SpSh


Innate Abilities, Weirdness & Mutations

You cannot wear most types of armour.
You are amphibious.
You can wear up to eight rings at the same time.
Your skin changes colour to match your surroundings (Stealth+).
Your rubbery body absorbs attacks. (AC +1, EV +1)
((You are camouflaged when in or above water. (Stealth+)))
You have tentacles for arms and can constrict up to eight enemies at once.


Message History

Pain shoots through your body!
Found a potion of ambrosia.
Okay, then.
You can't go up here!
Okay, then.
As you read the scroll labelled POSAGICIOS, it crumbles to dust.
It is a scroll of enchant weapon.
Your +0 short sword glows red for a moment.
The orc warrior shouts!
The orc shouts!
The hound bites you.
A hound comes into view.
The hound misses you. The bombardier beetle bites you.
The orc priest hits you with a +0 dagger.
Found 11 gold pieces.
The hound attacks as it pursues you! The hound bites you.
A centaur zombie comes into view.
A bullfrog zombie comes into view.
The orc priest misses you.
The orc warrior attacks as it pursues you!
The orc warrior hits you from afar with a +0 glaive!
The bombardier beetle closely misses you.
The hound barely misses you.
Okay, then.
Okay, then.
Okay, then.
As you read the scroll of identify, it crumbles to dust.
e - 2 potions of haste The hound bites you but does no damage.
The bombardier beetle completely misses you.
You feel yourself speed up. The hound misses you. The hound barely misses you.
Found a stone staircase leading down.
The bombardier beetle attacks as it pursues you!
The bombardier beetle misses you.
The orc priest calls down the wrath of Beogh upon you.
Beogh smites you!
* * * LOW HITPOINT WARNING * * *
The hound attacks as it pursues you! The hound closely misses you.
Found an arbalest.
There is a stone staircase leading down here.
The hound bites you.
You die...
Your body crumbles into a pile of gold.

........# #........# ##
#........# ...
#........# ....
#....$...######..8!.
#####........BZ.o.ZZ....
............o.o....o....
)...........o#######...#
.......@h........... ...
.....#########.§§P.# ##
... ..§..# . ...P# #


.PPP. # ..## # ..# # # # You could see an orc warrior, a bombardier beetle, a
hound, an orc priest, an orc and a centaur zombie.

Vanquished Creatures
  A sky beast (D:7)
  A hound (D:3)
  An orc priest (D:7)
  An orc wizard (D:7)
  6 adders
  A shadow imp (D:6)
  A white imp (D:7)
  3 dart slugs
  3 ribbon worms
  5 orcs
  7 endoplasms
  3 giant cockroaches
  3 goblins
  6 hobgoblins
  6 jackals
  4 quokkas
  7 ball pythons
  5 bats
  6 frilled lizards (D:2)
  5 kobolds
  4 rats
79 creatures vanquished.

Notes
Turn   | Place    | Note
-------+----------+-------------------------------------------
     0 | D:1      | croobank the Octopode Monk began the quest for the Orb.
     0 | D:1      | Reached XP level 1. HP: 16/16 MP: 1/1
   207 | D:1      | Reached XP level 2. HP: 18/21 MP: 2/2
   803 | D:2      | Found a faded altar of an unknown god.
  1030 | D:2      | Reached XP level 3. HP: 26/26 MP: 3/3
  1439 | D:2      | Learned a level 2 spell: Blink
  1658 | D:2      | Reached XP level 4. HP: 28/33 MP: 4/4
  2395 | D:3      | Found Xoseoll's General Store.
  2561 | D:3      | Found a bloodstained altar of Trog.
  2616 | D:3      | Reached skill level 1 in Translocations
  2828 | D:3      | Found a runed translucent gate.
  2828 | D:3      | Found a runed translucent gate.
  2829 | D:3      | Found a runed translucent gate.
  2830 | D:3      | Noticed Azoth's ghost (weakling SpSh)
  2876 | D:3      | Found an opulent altar of Gozag.
  2922 | D:3      | Became a worshipper of Gozag Ym Sagoz the Greedy
  3009 | D:4      | Reached skill level 1 in Spellcasting
  3009 | D:4      | Reached XP level 5. HP: 17/37 MP: 6/6
  3590 | D:4      | You fall into a shaft and drop 3 floors!
  3675 | D:6      | Noticed a sky beast
  3687 | D:7      | Killed a sky beast
  3688 | D:7      | Reached XP level 6. HP: 21/43 MP: 7/9
  3914 | D:6      | Noticed an ice beast
  3925 | D:7      | Noticed an orc warrior
  3933 | D:7      | HP: 2/43 [orc priest/divine providence (12)]
  3939 | D:7      | Slain by a hound

Illustrated notes

Levels and vault maps discovered:
D:1:      dpeg_arrival_arbitrary_c, layout_basic
D:2:      minmay_thinvault, layout_basic, dreamdust_ecumenical_altar_statues
D:3:      layout_rooms, bloody_trog, mainiacjoe_overflow_alcove_2,
          gammafunk_ghost_necromancy, serial_shops, shop
D:4:      layout_rooms, okawaru_metal_pillars_1_2,
          minmay_temple_entry_water_ring
D:6:      layout_cave_pods, gammafunk_ghost_nasty_kobolds, minmay_small_thing
D:7:      layout_basic, gammafunk_temple_overflow_claw, serial_undead,
          serial_undead_c, serial_undead_d, serial_undead_f, serial_undead_b,
          uniq_menkaure

Skill      XL: |  1  2  3  4  5 |
---------------+----------------+-----
Translocations | 1 2 |  2.5
Spellcasting   | 1 2 |  2.2
Fighting       | 4 |  4.2
Short Blades   | 4 |  4.1
Dodging        | 4 |  4.1

Action                     |  1- 3 |  4- 6 || total
---------------------------+-------+-------++-------
  Melee: Short sword       |    68 |   119 ||   187
         Constrict         |    22 |    32 ||    54
         Tentacles         |    17 |    40 ||    57
         Punch             |     3 |     6 ||     9
    Use: Scroll            |       |     3 ||     3
         Potion            |       |     1 ||     1
   Stab: Sleeping          |     1 |     2 ||     3
         Distracted        |       |     1 ||     1
 Armour: Skin              |    27 |    56 ||    83
  Dodge: Dodged            |    38 |    98 ||   136

Table legend: (Time is in decaauts)
 A = Elapsed time spent in this place.
 B = Non-inter-level travel time spent in this place.
 C = Inter-level travel time spent in this place.
 D = Time resting spent in this place.
 E = Time spent auto-exploring this place.
 F = Levels seen in this place.
 G = Mean time per level.
                   A        B        C        D        E       F      G
               +--------+--------+--------+--------+--------+-----+--------+
         Total |   3905 |   3691 |    214 |    899 |   2211 |   6 |  650.8 |
       Dungeon |   3905 |   3691 |    214 |    899 |   2211 |   6 |  650.8 |
               +--------+--------+--------+--------+--------+-----+--------+

Top non-repeatable levels by time:
     D:2: 1509 daAuts
     D:3: 1173 daAuts
     D:1: 768 daAuts
     D:7: 240 daAuts
     D:4: 112 daAuts
     D:6: 101 daAuts
